 Dungeon Crawl Stone Soup version 0.18-b1-10-g3f7de93 (webtiles) character file.

272 nikopol the Poker (level 6, -7/79 HPs)
             Began as a Minotaur Berserker on Apr 29, 2016.
             Was a Believer of Trog.
             Mangled by MTVSty1e's ghost (8 damage)
             ... on level 4 of the Dungeon.
             The game lasted 00:05:19 (1961 turns).

nikopol the Poker (Minotaur Berserker)              Turns: 1961, Time: 00:05:19

Health: -7/79      AC:  5    Str: 27    XL:     6   Next: 2%
Magic:  5/5        EV: 12    Int:  4    God:    Trog [**....]
Gold:   182        SH:  0    Dex: 11    Spells: 0 memorised, 5 levels left

rFire  . . .     SeeInvis .     a - +0 spear
rCold  . . .     Gourm    .     t - +0 ring mail
rNeg   . . .     Faith    .     (no shield)
rPois  .         Spirit   .     (helmet restricted)
rElec  .         Dismiss  .     (no cloak)
rCorr  .         Reflect  .     (no gloves)
SustAt .         Harm     .     (no boots)
MR     .....                    (no amulet)
Stlth  ..........               (no ring)
                                g - ring of flight

@: berserking (expiring), very slightly contaminated, very quick, not resistant
to hostile enchantments, extremely unstealthy
A: retaliatory headbutt, horns 2
a: Berserk, Trog's Hand, Burn Spellbooks, Renounce Religion, Evoke Flight


You were on level 4 of the Dungeon.
You worshipped Trog.
Trog was pleased with you.
You were hungry.

You visited 1 branch of the dungeon, and saw 4 of its levels.

You collected 182 gold pieces.

Inventory:

Hand Weapons
 a - a +0 spear (weapon)
Missiles
 n - 6 tomahawks (quivered)
Armour
 b - a +0 animal skin
 j - a +0 leather armour
 k - a +2 leather armour of cold resistance
 t - a +0 ring mail (worn)
Jewellery
 g - a ring of flight (left hand)
 o - an uncursed ring of protection from magic {unknown}
Wands
 u - a wand of polymorph (16/24)
Scrolls
 d - 7 scrolls of identify
 e - 2 scrolls of teleportation
 q - a scroll of remove curse
 r - a scroll of random uselessness
Potions
 m - a potion of cancellation
 p - a potion of lignification {unknown}
 s - a potion of mutation {unknown}
 v - a potion of might {unknown}
 w - a potion of flight {unknown}
 x - a potion of degeneration {unknown}
Comestibles
 c - 3 bread rations
 f - 2 fruits


   Skills:
 + Level 4.6 Fighting
 * Level 5.5 Polearms
 + Level 1.3 Throwing
 + Level 3.9 Armour
 + Level 3.8 Dodging


You had 5 spell levels left.
You didn't know any spells.

Dungeon Overview and Level Annotations

Branches:
Dungeon (4/15)
 Temple: D:4-7

Altars:
Dithmenos
Gozag
Kikubaaqudgha
Ru
Vehumet
Xom

Annotations:
D:4 MTVSty1e's ghost, novice GrFi


Innate Abilities, Weirdness & Mutations

You reflexively headbutt those who attack you in melee.
You have a pair of horns on your head.


Message History

You hit MTVSty1e's ghost but do no damage.
Attack whom?
Press: ? - help, Dir - move target cursor, f/p - MTVSty1e's ghost
Aim: MTVSty1e's ghost, wielding a weapon of flaming You reach to attack!
You hit MTVSty1e's ghost.
MTVSty1e's ghost is lightly damaged.
You puncture MTVSty1e's ghost!
MTVSty1e's ghost is moderately damaged.
You puncture MTVSty1e's ghost! Your headbutt misses MTVSty1e's ghost.
MTVSty1e's ghost is severely damaged.
MTVSty1e's ghost hits you!
* * * LOW HITPOINT WARNING * * *
MTVSty1e's ghost burns you.
* * * LOW HITPOINT WARNING * * *
You closely miss MTVSty1e's ghost.
MTVSty1e's ghost is severely damaged.
You barely miss MTVSty1e's ghost. Your headbutt misses MTVSty1e's ghost.
MTVSty1e's ghost is severely damaged.
MTVSty1e's ghost hits you!
You die...

.. ...#
##.####..##
..........###
............#
............#
............#
......†.†...#
.......@W...#
............#
###.####.##.....
........# ..##
#.....## .#
###.....# ..
........###.##.#
...............
####....###.###


You could see MTVSty1e's ghost.

Vanquished Creatures
  The ghost of Denapoli the Sneak, a weakling SpEn (D:3)
  An orc priest (D:3)
  A giant frog skeleton (D:4)
  Ijyb (D:3)
  An iguana (D:4)
  A worker ant (D:4)
  4 adders (D:2)
  An ooze (D:1)
  3 worms
  A dart slug (D:2)
  2 giant geckos (D:3)
  10 orcs (D:3)
  4 bats
  3 giant cockroaches
  6 goblins
  7 hobgoblins
  4 giant newts
  2 kobolds
  5 rats
58 creatures vanquished.

Notes
Turn   | Place    | Note
--------------------------------------------------------------
     0 | D:1      | nikopol the Minotaur Berserker began the quest for the Orb.
     0 | D:1      | Reached XP level 1. HP: 19/19 MP: 0/0
   246 | D:1      | Reached XP level 2. HP: 17/27 MP: 1/1
   911 | D:2      | Reached skill level 4 in Polearms
   930 | D:2      | Reached XP level 3. HP: 33/33 MP: 2/2
  1052 | D:2      | Reached ** piety under Trog
  1087 | D:2      | Found an ancient bone altar of Kikubaaqudgha.
  1202 | D:2      | Reached XP level 4. HP: 40/40 MP: 3/3
  1393 | D:3      | Noticed Ijyb
  1401 | D:3      | Noticed Denapoli's ghost (weakling SpEn)
  1408 | D:3      | Killed Ijyb
  1411 | D:3      | Killed Denapoli's ghost
  1411 | D:3      | Reached XP level 5. HP: 47/47 MP: 4/4
  1438 | D:3      | Reached skill level 5 in Polearms
  1807 | D:3      | Found a shimmering altar of Xom.
  1817 | D:3      | Found an opulent altar of Gozag.
  1820 | D:3      | Found a radiant altar of Vehumet.
  1823 | D:3      | Found a sacrificial altar of Ru.
  1867 | D:3      | Found a shadowy altar of Dithmenos.
  1946 | D:4      | Reached skill level 1 in Throwing
  1951 | D:4      | Noticed MTVSty1e's ghost (novice GrFi)
  1953 | D:4      | Reached XP level 6. HP: 12/53 MP: 5/5
  1959 | D:4      | HP: 1/79 [MTVSty1e's ghost (4)]
  1961 | D:4      | Mangled by MTVSty1e's ghost

Skill      XL: |  1  2  3  4  5 |
---------------+----------------+-----
Polearms       | 4 5 |  5.5
Fighting       | 4 |  4.6
Armour         | 3 |  3.9
Dodging        | 3 |  3.8
Throwing       | 1 |  1.3

Action                   |  1- 3 |  4- 6 || total
-------------------------+-------+-------++-------
Melee: Spear             |    77 |    93 ||   170
       Headbutt          |    11 |    14 ||    25
Throw: Tomahawk          |       |     4 ||     4
Invok: Berserk           |       |     2 ||     2
  Use: Scroll            |       |     8 ||     8
 Stab: Distracted        |     1 |       ||     1
  Eat: Chunk             |     1 |     3 ||     4
Armor: Leather armour    |     8 |     2 ||    10
       Ring mail         |       |    10 ||    10
Dodge: Dodged            |    22 |    31 ||    53
